 Dungeon Crawl Stone Soup version 0.21.1-1-g345015f (webtiles) character file.

109 suicidejoker the Insei (level 4, -6/28 HPs)
             Began as an Octopode Transmuter on Apr 8, 2018.
             Mangled by Grinder (11 damage)
             ... while paralysed by Grinder
             ... on level 3 of the Dungeon.
             The game lasted 00:04:54 (2525 turns).

suicidejoker the Insei (Octopode Transmuter)        Turns: 2525, Time: 00:04:55

Health: -6/28      AC:  1    Str: 10    XL:     4   Next: 89%
Magic:  5/7        EV:  2    Int: 15    God:
Gold:   80         SH:  0    Dex: 12    Spells: 3/7 levels left

rFire    + . .     SeeInvis .     - Unarmed
rCold    + . .     Gourm    .   (no shield)
rNeg     . . .     Faith    .   (helmet restricted)
rPois    +         Spirit   .   (no amulet)
rElec    +         Reflect  .   (no ring)
rCorr    +         Harm     .   (no ring)
MR       .....                  (no ring)
Stlth    ++........             (no ring)
HPRegen  0.09/turn              (no ring)
MPRegen  0.10/turn              (no ring)
                                (no ring)
                                (no ring)

@: paralysed, resistant, very slightly contaminated, invisible
A: almost no armour, stealthy swim, amphibious, 8 rings, constrict 8, camouflage
1, gelatinous body 1
a: no special abilities


You were on level 3 of the Dungeon.
You were very hungry.

You visited 1 branch of the dungeon, and saw 3 of its levels.

You collected 80 gold pieces.

Inventory:

Hand Weapons
 b - a +0 hunting sling
Missiles
 a - 59 arrows
 d - 22 bolts
 j - 59 stones (quivered)
 m - 2 tomahawks
Scrolls
 h - 3 scrolls of remove curse
Potions
 e - a potion of lignification {unknown}
 f - a potion of invisibility
 i - a potion of flight
 l - 2 potions of resistance
Books
 k - a book of Changes

   Spells                             Type                      Level
   a - Beastly Appendage              Transmutation                1
   b - Sticks to Snakes               Transmutation                2
   c - Spider Form                    Transmutation/Poison         3
   d - Ice Form                       Ice/Transmutation            4
   e - Blade Hands                    Transmutation                5
Comestibles
 c - 5 rations


   Skills:
 - Level 1.0 Fighting
 - Level 2.0 Dodging
 - Level 5.3 Unarmed Combat
 - Level 2.0 Spellcasting
 + Level 2.1 Transmutations


You had 3 spell levels left.
You knew the following spells:

 Your Spells              Type           Power        Failure   Level  Hunger
a - Beastly Appendage     Tmut           #.....       9%          1    #......
b - Spider Form           Tmut/Pois      #.........   38%         3    ###....


Dungeon Overview and Level Annotations

Branches:
Dungeon (3/15)

Altars:

Annotations:
D:3 Grinder


Innate Abilities, Weirdness & Mutations

You cannot wear most types of armour.
You are very stealthy in the water. (Stealth+)
You are amphibious.
You can wear up to eight rings at the same time.
You can use your tentacles to constrict eight enemies at once.
Your skin changes colour to match your surroundings (Stealth+).
Your rubbery body absorbs attacks. (AC +1, EV +1)


Message History

You tentacle-slap the worm but do no damage.
You grab the worm. You squeeze the worm.
The worm is moderately wounded.
You constrict Grinder. You constrict the worm. Grinder hits you!
* * * LOW HITPOINT WARNING * * *
You writhe in agony.
* * * LOW HITPOINT WARNING * * *
The worm closely misses you.
You feel better.
You constrict Grinder. You constrict the worm. Grinder barely misses you.
It was a potion of invisibility.
You fade into invisibility!
You constrict Grinder. You constrict the worm. Grinder gestures at you.
You suddenly lose the ability to move!
You lose your grip on Grinder.
You lose your grip on the worm.
The worm bites you.
* * * LOW HITPOINT WARNING * * *
You are very lightly contaminated with residual magic.
Grinder hits you!
You die...

#........... ....
#..$.......##....
.......<........#
#..............
##...#.#......
............#
##...(5.#.^#
......w@†..#
.#.#..#.#†.#######
.....#$#..#.....#
#####......+.....#
#.#..###.....#
..#..........+
.#....###.....#
(...###........#
###. #....#####


You could see Grinder and a worm.

Vanquished Creatures
  A jelly (D:2)
  2 adders (D:2)
  An ooze (D:2)
  2 worms
  A dart slug (D:1)
  2 leopard geckos
  A giant cockroach (D:1)
  6 goblins
  11 hobgoblins
  A ball python (D:1)
  5 bats
  4 frilled lizards
  3 kobolds
  8 rats
48 creatures vanquished.

Notes
Turn   | Place    | Note
-------+----------+-------------------------------------------
     0 | D:1      | suicidejoker the Octopode Transmuter began the quest for the Orb.
     0 | D:1      | Reached XP level 1. HP: 13/13 MP: 3/3
   437 | D:1      | Reached XP level 2. HP: 18/18 MP: 5/5
  1158 | D:1      | Reached skill level 4 in Unarmed Combat
  1239 | D:1      | Reached XP level 3. HP: 18/23 MP: 6/6
  2052 | D:2      | Reached XP level 4. HP: 27/28 MP: 7/7
  2228 | D:2      | Reached skill level 5 in Unarmed Combat
  2418 | D:2      | Learned a level 3 spell: Spider Form
  2502 | D:3      | Noticed Grinder
  2508 | D:3      | Paralysed by Grinder for 6 turns
  2524 | D:3      | Paralysed by Grinder for 3 turns
  2525 | D:3      | Mangled by Grinder

Skill      XL: |  1  2  3  4 |
---------------+-------------+-----
Unarmed Combat | 4 5 |  5.3
Fighting       | |  1.0
Dodging        | |  2.0
Spellcasting   | |  2.0
Transmutations | |  2.1

Action                   |  1- 3 |  4- 6 || total
-------------------------+-------+-------++-------
Melee: Unarmed           |    90 |    16 ||   106
       Constrict         |    22 |     5 ||    27
       Tentacles         |     8 |     2 ||    10
       Punch             |     2 |       ||     2
 Fire: Hunting sling     |     9 |    11 ||    20
Throw: Stone             |     1 |       ||     1
 Cast: Spider Form       |       |     1 ||     1
  Use: Scroll            |       |     7 ||     7
       Potion            |       |     3 ||     3
 Stab: Sleeping          |     4 |       ||     4
  Eat: Chunk             |     3 |     1 ||     4
Armor: Skin              |    16 |       ||    16
Dodge: Dodged            |    47 |    18 ||    65
